 Dungeon Crawl Stone Soup version 0.21.1-1-g345015fe64 (webtiles) character file.

1108 Lentor the Slasher (level 8, -1/70 HPs)
             Began as a Minotaur Berserker on June 20, 2018.
             Was an Elder of Trog.
             Killed by divine providence
             ... invoked by an orc priest
              (17 damage)
             ... on level 5 of the Dungeon.
             The game lasted 00:06:24 (4473 turns).

Lentor the Slasher (Minotaur Berserker)             Turns: 4473, Time: 00:06:25

Health: -1/70      AC:  6    Str: 24    XL:     8   Next: 11%
Magic:  7/7        EV:  8    Int:  4    God:    Trog [****..]
Gold:   174        SH: 15    Dex:  8    Spells: 7/7 levels left

rFire    . . .     SeeInvis .   a - +0 falchion
rCold    . . .     Gourm    .   h - +0 large shield
rNeg     . . .     Faith    .   j - +0 ring mail
rPois    .         Spirit   .   (helmet restricted)
rElec    .         Reflect  .   (no cloak)
rCorr    .         Harm     .   (no gloves)
MR       +....                  (no boots)
Stlth    +.........             (no amulet)
HPRegen  0.21/turn              (no ring)
MPRegen  0.10/turn              (no ring)

@: no status effects
A: retaliatory headbutt, horns 2, clumsy 1, magic resistance 1, sense
surroundings 1
a: Berserk, Trog's Hand, Brothers in Arms, Burn Spellbooks, Renounce Religion


You were on level 5 of the Dungeon.
You worshipped Trog.
Trog was greatly pleased with you.
You were not hungry.

You visited 1 branch of the dungeon, and saw 5 of its levels.

You collected 294 gold pieces.
You spent 120 gold pieces at shops.

Inventory:

Hand Weapons
 a - a +0 falchion (weapon)
Armour
 h - a +0 large shield (worn)
 j - a +0 ring mail (worn)
Wands
 q - a wand of random effects (50)
Scrolls
 e - 8 scrolls of identify {unknown}
 g - a scroll of magic mapping {unknown}
 i - 2 scrolls of enchant weapon {unknown}
 n - a scroll of teleportation {unknown}
 v - a scroll of fog {unknown}
 x - a scroll of immolation {unknown}
Potions
 b - 2 potions of agility {unknown}
 d - 2 potions of heal wounds {unknown}
 f - 4 potions of curing {unknown}
 k - a potion of haste {unknown}
 l - a potion of degeneration {unknown}
 m - a potion of lignification {unknown}
 o - a potion of flight {unknown}
 p - 2 potions of experience {unknown}
 r - a potion of cancellation {unknown}
 s - a potion of might {unknown}
 t - 2 potions of magic {unknown}
 u - a potion of brilliance {unknown}
 w - a potion of berserk rage {unknown}
Comestibles
 c - 9 rations


   Skills:
 + Level 5.8 Fighting
 + Level 7.3 Long Blades
 + Level 5.3 Armour
 + Level 3.9 Dodging
 + Level 1.2 Stealth
 + Level 5.0 Shields


You had 7 spell levels left.
You didn't know any spells.

Dungeon Overview and Level Annotations

Branches:
Dungeon (5/15)
 Temple: D:4-7

Altars:
Fedhas
Kikubaaqudgha
Qazlal
Ru
Uskayaw
Xom

Shops:
D:5 !


Innate Abilities, Weirdness & Mutations

You reflexively headbutt those who attack you in melee.
You have a pair of horns on your head.
You are clumsy. (Dex -2)
You are resistant to hostile enchantments. (MR+)
You passively map a small area around you.


Message History

The orc priest is almost dead.
The orc priest barely misses you. You furiously retaliate!
You headbutt the orc priest.
You kill the orc priest!
Trog accepts your kill.
Your Shields skill increases to level 5!
The orc priest looks satisfied for a moment.
Found a long sword.
Items here: ))) [[[ †† You hit the orc priest.
The orc priest is heavily wounded.
You block the orc priest's attack.
You hit the orc priest but do no damage.
The orc priest is heavily wounded.
You hit the orc priest.
The orc priest is severely wounded.
You block the orc priest's attack.
The orc priest invokes the aid of Beogh against you.
Beogh smites you!
You die...

#)...#.#.....##.#.#
#.#..#.......##.#.# * *
* #.#..##########.#.# ,
, ..<.... ........... *
* .#.##.#######.####..
#.#. #..##...........
#,#. ##.##.###.#####.
####+#.###..#.###.#####.
......o@................
.......####...##........
....... ##..##........
.......** ##..##........
....... ,....##........
)...... * #.#.##.......#
......>####.#.....).....
###.........##.##.#####.
#................# #.


You could see an orc priest.

Vanquished Creatures
  The ghost of Gargoyl the Skirmisher, an amateur CeAK of Lugonu (D:3)
  A sky beast (D:5)
  An ogre (D:5)
  A bullfrog (D:5)
  A scorpion (D:4)
  A jelly (D:5)
  A hound (D:5)
  3 orc priests
  An iguana (D:3)
  3 worker ants
  3 orc wizards
  A hound skeleton (D:4)
  A hound zombie (D:5)
  A worker ant zombie (D:5)
  9 adders
  2 oozes
  An adder zombie (D:5)
  2 worms (D:2)
  2 dart slugs
  3 leopard geckos
  16 orcs
  5 giant cockroaches
  11 hobgoblins
  10 jackals
  11 kobolds
  A quokka (D:4)
  A ball python (D:3)
  5 bats
  10 frilled lizards
  6 goblins
  10 rats
125 creatures vanquished.

Notes
Turn   | Place    | Note
-------+----------+-------------------------------------------
     0 | D:1      | Lentor the Minotaur Berserker began the quest for the Orb.
     0 | D:1      | Reached XP level 1. HP: 19/19 MP: 0/0
   195 | D:1      | Reached skill level 4 in Long Blades
   195 | D:1      | Reached XP level 2. HP: 27/27 MP: 1/1
   788 | D:1      | Reached ** piety under Trog
   871 | D:1      | Reached XP level 3. HP: 33/33 MP: 2/2
  1337 | D:2      | Found an ancient bone altar of Kikubaaqudgha.
  1494 | D:2      | Reached XP level 4. HP: 32/41 MP: 3/3
  1771 | D:3      | Reached skill level 1 in Shields
  1897 | D:3      | Found a sacrificial altar of Ru.
  2007 | D:3      | Noticed Gargoyl's ghost (amateur CeAK)
  2016 | D:3      | Killed Gargoyl's ghost
  2016 | D:3      | Reached skill level 5 in Long Blades
  2016 | D:3      | Reached skill level 1 in Stealth
  2016 | D:3      | Reached XP level 5. HP: 45/47 MP: 4/4
  2016 | D:3      | Reached XP level 6. HP: 51/53 MP: 5/5
  2363 | D:3      | Reached *** piety under Trog
  2726 | D:3      | Reached skill level 6 in Long Blades
  3033 | D:4      | Found a stormy altar of Qazlal.
  3055 | D:4      | Reached XP level 7. HP: 59/60 MP: 6/6
  3353 | D:4      | Reached skill level 5 in Fighting
  3475 | D:5      | Entered Level 5 of the Dungeon
  3502 | D:5      | Reached **** piety under Trog
  3577 | D:5      | Found Komipy's Distillery.
  3587 | D:5      | Bought a potion of mutation for 120 gold pieces
  3587 | D:5      | Gained mutation: You are resistant to hostile enchantments. (MR+) [potion of mutation]
  3587 | D:5      | Gained mutation: You are clumsy. (Dex -2) [potion of mutation]
  3587 | D:5      | Gained mutation: You passively map a small area around you. [potion of mutation]
  3670 | D:5      | Reached skill level 5 in Armour
  3696 | D:5      | Reached skill level 7 in Long Blades
  3712 | D:5      | Reached XP level 8. HP: 23/70 MP: 7/7
  4087 | D:5      | Found a shimmering altar of Xom.
  4092 | D:5      | Found a blossoming altar of Fedhas.
  4094 | D:5      | Found a hide-covered altar of Uskayaw.
  4469 | D:5      | Reached skill level 5 in Shields
  4473 | D:5      | Killed from afar by an orc priest

Skill      XL: |  1  2  3  4  5  6  7  8 |
---------------+-------------------------+-----
Long Blades    | 4 5 6 7 |  7.3
Fighting       | 4 5 |  5.8
Dodging        | 3 |  3.9
Shields        | 3 4 5 |  5.0
Armour         | 3 4 5 |  5.3
Stealth        | 1 |  1.2

Action                   |  1- 3 |  4- 6 |  7- 9 || total
-------------------------+-------+-------+-------++-------
Melee: Falchion          |    85 |   142 |   167 ||   394
       Headbutt          |    14 |    31 |    30 ||    75
Invok: Berserk           |       |     1 |     2 ||     3
       Burn Spellbooks   |       |       |     1 ||     1
  Use: Potion            |       |       |     1 ||     1
  Eat: Chunk             |     2 |     5 |     4 ||    11
       Ration            |       |       |     1 ||     1
Armor: Animal skin       |    17 |       |       ||    17
       Ring mail         |     8 |    29 |    25 ||    62
Dodge: Dodged            |    31 |    27 |    31 ||    89
Block: Large shield      |    35 |   101 |   124 ||   260
       Rpst.: Falchion   |     7 |     8 |     6 ||    21
